AoeStats
← Tolili

Glade

510765110Analyzed
1v1 RM · 1d ago on Oct 2, 2026· 29m 50s· 2 players
Game mode
Random Map
Map size
Tiny (2 player)
Population
200
Speed
Normal
Resources
Standard
Victory
Conquest
Starting age
Dark Age
Ending age
Imperial Age
RankedLock teamsTeams togetherTeam positionsShared explorationLock speedFull tech treeHidden civsTurbo modeCheats
Victory
Defeat
🇪🇸 Vikings · Spain
1448
+17
🇮🇶 Mongols · Iraq
1464
-17
Tolili
7:36 Loom
10:04 Feudal Age
10:08 Man-at-Arms
10:44 Double-Bit Axe
14:41 Loom
15:22 Forging
15:46 Town Watch
18:28 Scale Mail Armor
20:42 Castle Age
19:54 Fletching
19:55 Horse Collar
21:43 Chain Mail Armor
20:51 Pikeman
23:41 Squires
25:05 Arson
26:11 Gold Mining
29:02 Iron Casting
Blue Sky
8:49 Feudal Age
8:41 Loom
13:55 Castle Age
11:58 Double-Bit Axe
18:31 Wheelbarrow
21:03 Scale Barding Armor
22:04 Bloodlines
22:49 Husbandry
25:38 Forging
26:11 Chain Barding Armor
26:51 Forging
Connection lost

Rejoining the realm…

Still unreachable

The connection could not be restored.

Session expired

The server has moved on; the page needs a fresh start.